 Dungeon Sprint DCSS version 0.21-a0-265-gb353147 (webtiles) character file.

37669 Kidiri the Bludgeoner (level 13, -1/130 HPs)
             Began as a Hill Orc Monk on Sept 12, 2017.
             Was the Champion of Beogh.
             Killed by drain life
             ... invoked by a soul eater
             ... summoned by an orc sorcerer
              (6 damage)
             ... in the Dungeon (Sprint V: "Ziggurat Sprint").
             The game lasted 00:20:17 (2995 turns).

Kidiri the Bludgeoner (Hill Orc Monk)               Turns: 2995, Time: 00:20:18

Health: -1/130     AC: 35    Str: 27    XL:     13   Next: 98%
Magic:  22/22      EV: 13    Int:  6    God:    Beogh [******]
Gold:   0          SH: 37    Dex: 19    Spells: 12/12 levels left

rFire    + + .     SeeInvis .   A - +6 shillelagh "Devastator" {shatter}
rCold    x . .     Gourm    .   z - +18 shield of the Gong {rElec rN+ MR+ EV-5}
rNeg     + . .     Faith    .   y - +15 Maxwell's patent armour {-Cast -Tele rElec MR+ rCorr}
rPois    .         Spirit   .   (no helmet)
rElec    +         Reflect  +   (no cloak)
rCorr    +         Harm     .   (no gloves)
MR       ++...     NoTele   +   V - +2 pair of boots {Stlth+} Stlth ..........NoCast +
                                S - +4 amulet of reflection (curse)
HPRegen  0.31/turn              a - +6 ring of dexterity
MPRegen  0.18/turn              J - ring of Disaster {rCorr rF++ rC- Str+8 Int-4}

@: no status effects
A: walk on water, rugged brown scales 1, no potion heal 1
a: Smiting, Recall Orcish Followers, Give Item to Named Follower, Resurrection,
Renounce Religion


You were in the Dungeon.
You worshipped Beogh.
Beogh was exalted by your worship.
You were very full.

You visited 1 branch

Inventory:

Hand Weapons
 A - the +6 shillelagh "Devastator" (weapon) {shatter}
   (You found it in the Dungeon)
 Z - the +3 scimitar of Cowardice {venom, Dex+4}
   (You found it in the Dungeon)

   It poisons the flesh of those it strikes.
   It affects your dexterity (+4).
Missiles
 L - a throwing net (quivered)
Armour
 y - the +15 Maxwell's patent armour (worn) {-Cast -Tele rElec MR+ rCorr}
   (You found it in the Dungeon)

   It insulates you from electricity.
   It affects your resistance to hostile enchantments.
   It prevents spellcasting.
   It prevents most forms of teleportation.
   It protects you from acid and corrosion.
 z - the +18 shield of the Gong (worn) {rElec rN+ MR+ EV-5}
   (You found it in the Dungeon)

   It affects your evasion (-5).
   It insulates you from electricity.
   It protects you from negative energy.
   It affects your resistance to hostile enchantments.
 V - a +2 pair of boots of stealth (worn)
Jewellery
 a - a +6 ring of dexterity (left hand)
 b - the ring "Oklapef" {+Fly MR+ Dex-5 Stlth+}
   (You found it in the Dungeon)

   [ring of stealth]

   It affects your dexterity (-5).
   It affects your resistance to hostile enchantments.
   It lets you fly.
   It makes you more stealthy.
 C - the amulet "Loehoeto" {Faith rElec rPois rN+}
   (You took it off a deep elf mage in the Dungeon)

   [amulet of faith]

   It allows you to gain divine favour quickly.
   It insulates you from electricity.
   It protects you from poison.
   It protects you from negative energy.
 J - the ring of Disaster (right hand) {rCorr rF++ rC- Str+8 Int-4}
   (You found it in the Dungeon)

   [ring of resist corrosion]

   It affects your strength (+8).
   It affects your intelligence (-4).
   It greatly protects you from fire.
   It makes you vulnerable to cold.
 S - a cursed +4 amulet of reflection (around neck)
Wands
 F - a wand of disintegration (7/24)
 G - a wand of iceblast (5/15)
 H - a wand of lightning (5/15)
 I - a wand of acid (5/15)
Scrolls
 i - 4 scrolls of blinking
 m - 4 scrolls of enchant armour
 p - 4 scrolls of amnesia
 q - 3 scrolls of recharging
 r - 7 scrolls of fog
 s - a scroll of holy word
 t - 5 scrolls of identify
 u - 5 scrolls of remove curse
 v - 2 scrolls of fear
 N - 2 scrolls of brand weapon
Potions
 d - 10 potions of curing
 e - 5 potions of heal wounds
 f - 13 potions of haste
 g - 7 potions of magic
 h - 3 potions of berserk rage
 j - 2 potions of brilliance
 k - 2 potions of invisibility
 l - 4 potions of resistance
 n - 5 potions of agility
 o - 6 potions of might
Comestibles
 c - 5 bread rations
 w - 31 fruits
 x - 4 meat rations
 B - 12 chunks of flesh
 Q - 3 royal jellies


   Skills:
 + Level 15.4 Fighting
 * Level 19.2 Maces & Flails
 + Level 10.8 Throwing
 + Level 14.0 Armour
 * Level 15.4 Dodging
 - Level 1.5 Stealth
 + Level 14.0 Shields
 - Level 12.9 Invocations


You had 12 spell levels left.
You didn't know any spells.

Dungeon Overview and Level Annotations

Branches:
Dungeon (1/1)

Altars:
Ashenzari
Cheibriados
Dithmenos
Elyvilon
Fedhas
Gozag
Hepliaklqana
Kikubaaqudgha
Makhleb
Nemelex Xobeh
Okawaru
Qazlal
Ru
Sif Muna
Trog
Uskayaw
Vehumet
Wu Jian
Xom
Yredelemnul
Zin
The Shining One
Beogh
Jiyva
Lugonu

Annotations:
D 1 transporter


Innate Abilities, Weirdness & Mutations

You can walk on water.
You are partially covered in rugged brown scales. (AC +1, +3% HP)
Potions are less effective at restoring your health.


Message History

The long sword of distortion is lightly damaged.
The deep elf blademaster is almost dead.
The water elemental is heavily damaged.
The deep elf death mage is severely wounded.
The halberd of protection is severely damaged.
The deep elf master archer shoots an arrow.
GONNNNG!
You reflect the arrow off an invisible shield around you!
The arrow closely misses the deep elf master archer.
You block the halberd of protection's attack.
BONNNG!
The deep elf master archer shoots an arrow.
The arrow hits you.
* * * LOW HITPOINT WARNING * * *
You block the water elemental's attack.
SHROANNG!
The long sword of distortion hits you but does no damage.
You feel a strange sense of stasis.
The soul eater draws from the surrounding life force!
You die...

▓......©......▓....8©8..
▓▓▓▓▓▓▓▓▓▓▓▓▓▓▓..)[:|"[[
▓.....8©8.....▓...[|").}
▓..).[.}:)|:..▓.........
▓..}[:)?=)}=..▓.........
▓.............▓......(..
▓.....4e3.....▓....(.(..
▓....oe(E.....▓..▓.....▓
▓....3(@eE....▓.▓.▓...▓.
▓.....eee.....▓..▓.....▓
▓..▓.(.e...▓..▓.....©...
▓ ▓▓.....▓▓ ▓▓▓▓▓▓▓▓▓▓
▓..▓.......▓..▓....8©8..
▓.............▓..}.||=).
▓......©......▓.....}:..
▓▓▓▓▓▓▓▓▓▓▓▓▓▓▓.........
▓.........


You could see a deep elf blademaster, 2 deep elf master archers, a deep elf
annihilator, a ghostly deep elf annihilator, a deep elf death mage, a soul
eater, 2 water elementals, a deep elf mage, a ynoxinul, a chaos spawn, an orc
sorcerer and 2 dancing weapons.

Vanquished Creatures
  An azure jelly (D)
  A deep elf sorcerer (D)
  A reaper (D)
  A deep elf elementalist (D)
  A vampire knight (D)
  A deep elf annihilator (D)
  A purple draconian (D)
  2 black draconians (D)
  A red draconian (D)
  2 death oozes (D)
  A great orb of eyes (D)
  An alligator (shapeshifter) (D)
  2 dancing weapons (D)
  A satyr (shapeshifter) (D)
  3 deep elf knights (D)
  A skeletal warrior (D)
  An unseen horror (shapeshifter) (D)
  A spriggan druid (D)
  A deep troll (shapeshifter) (D)
  10 deep elf magi (D)
  4 deep elf archers (D)
  4 ugly things (D)
  A necromancer (D)
  4 draconians (D)
  A shining eye (shapeshifter) (D)
  A rust devil (D)
  3 naga magi (D)
  An eye of devastation (D)
  A smoke demon (D)
  2 tormentors (D)
  4 merfolk (D)
  A hornet (D)
  2 wind drakes (D)
  5 slime creatures (D)
  A dream sheep (shapeshifter) (D)
  2 shadows (D)
  2 water elementals (D)
  2 air elementals (D)
  A vampire (D)
  A spriggan (D)
  A golden eye (D)
  2 hogs (shapeshifter) (D)
  A naga (D)
  A water moccasin (D)
  A floating eye (D)
  A hell hound (D)
  A wolf (D)
  2 black bears (D)
  2 necrophages (D)
  An ogre (shapeshifter) (D)
  2 jellies (D)
  A quasit (D)
  An orc wizard (D)
  4 adders (D)
  A shadow imp (D)
  4 oozes (D)
  2 adder zombies (D)
  An adder skeleton (D)
  An orc (D)
  2 ball pythons (D)
  A quokka zombie (D)
110 creatures vanquished.

Vanquished Creatures (collateral kills)
  A deep elf high priest (D)
  A great orb of eyes (D)
  2 dancing weapons (D)
  A deep elf archer (D)
  A deep elf mage (D)
  A shining eye (D)
  An ugly thing (D)
  3 slime creatures (D)
  2 air elementals (D)
  A spriggan (D)
  A neqoxec (D)
  A naga (D)
  An insubstantial wisp (D)
  A necrophage (D)
  A wolf (D)
  A wight (D)
  A jelly (D)
  An iron imp (D)
  2 bat zombies (D)
24 creatures vanquished.

Vanquished Creatures (others)
  2 orc high priests (D)
  2 orc sorcerers (D)
  2 orc knights (D)
  An orc wizard (D)
  A water elemental (D)
  2 orc priests (D)
  An ufetubus (D)
  An orc (D)
12 creatures vanquished.

Grand Total: 146 creatures vanquished

Notes
Turn   | Place    | Note
-------+----------+-------------------------------------------
     0 | D        | Found the +6 Majin-Bo {vamp, Archmagi MP+6 Int+6}
     0 | D        | Found the +7 great mace "Firestarter" {inner flame, rF++}
     0 | D        | Kidiri the Hill Orc Monk began the quest for the Orb.
     0 | D        | Reached XP level 1. HP: 19/19 MP: 1/1
     0 | D        | Found a deep blue altar of Sif Muna.
     0 | D        | Found a bloodstained altar of Trog.
     0 | D        | Found a sacrificial altar of Ru.
     0 | D        | Found a stormy altar of Qazlal.
     0 | D        | Found an iron altar of Okawaru.
     1 | D        | Found a sparkling altar of Nemelex Xobeh.
     1 | D        | Found a blossoming altar of Fedhas.
     3 | D        | Found a transporter.
     3 | D        | Found an ancient bone altar of Kikubaaqudgha.
     3 | D        | Found a viscous altar of Jiyva.
     3 | D        | Found a corrupted altar of Lugonu.
     3 | D        | Found a hazy altar of Hepliaklqana.
     3 | D        | Found a burning altar of Makhleb.
     3 | D        | Found an opulent altar of Gozag.
    14 | D        | Found the +9 heavy crossbow "Sniper" {velocity, Acc+∞ SInv}
    14 | D        | Found the +10 dark maul {crush}
    14 | D        | Found the +15 Maxwell's patent armour {-Cast -Tele rElec MR+ rCorr}
    14 | D        | Found the +18 shield of the Gong {rElec rN+ MR+ EV-5}
    14 | D        | Found the cursed +14 obsidian axe {chop, +Fly SInv *Curse}
    16 | D        | Found the +6 shillelagh "Devastator" {shatter}
    16 | D        | Found the +11 plutonium sword {*Contam Stlth-}
    16 | D        | Found the +8 lance "Wyrmbane" {slay drac, rPois rF+ rC+ AC+3}
    16 | D        | Found the +9 sword of Zonguldrok {reap}
    16 | D        | Found the cursed +13 scythe of Curses {drain, *Curse}
    16 | D        | Found the +0 sword of Power
    16 | D        | Found the +5 mace of Variability {chaos}
    16 | D        | Found the +7 Singing Sword
    16 | D        | Found the +7 longbow "Piercer" {penet, EV-2}
    55 | D        | Became a worshipper of Beogh the Brigand
    55 | D        | Reached * piety under Beogh
    55 | D        | Reached ** piety under Beogh
    67 | D        | Reached skill level 5 in Maces & Flails
    67 | D        | Reached XP level 2. HP: 28/28 MP: 1/4
   102 | D        | Entered arena 2.
   102 | D        | Found a transporter.
   108 | D        | Reached skill level 5 in Fighting
   108 | D        | Reached XP level 3. HP: 36/36 MP: 5/5
   176 | D        | Entered arena 3.
   176 | D        | Found a transporter.
   178 | D        | Reached *** piety under Beogh
   180 | D        | Reached skill level 6 in Maces & Flails
   246 | D        | Entered arena 4.
   246 | D        | Noticed a smoke demon
   246 | D        | Found a transporter.
   250 | D        | Reached XP level 4. HP: 23/42 MP: 5/7
   261 | D        | Killed a smoke demon
   261 | D        | Reached **** piety under Beogh
   261 | D        | Reached skill level 8 in Maces & Flails
   261 | D        | Reached skill level 5 in Armour
   261 | D        | Reached skill level 5 in Shields
   261 | D        | Reached XP level 5. HP: 23/52 MP: 3/9
   261 | D        | Reached XP level 6. HP: 27/60 MP: 3/10
   471 | D        | Identified the Handbook of the Shifting Birds (You found it in the Dungeon)
   485 | D        | Entered arena 5.
   485 | D        | Noticed a merfolk
   485 | D        | Noticed a merfolk
   485 | D        | Noticed a merfolk
   485 | D        | Noticed a merfolk
   485 | D        | Found a transporter.
   493 | D        | Killed a merfolk
   493 | D        | Reached skill level 9 in Maces & Flails
   493 | D        | Reached XP level 7. HP: 43/66 MP: 10/12
   495 | D        | Killed a merfolk
   495 | D        | Reached skill level 10 in Maces & Flails
   500 | D        | Killed a merfolk
   500 | D        | Reached XP level 8. HP: 31/75 MP: 10/14
   502 | D        | Killed a merfolk
   699 | D        | Entered arena 6.
   699 | D        | Noticed a deep elf mage
   699 | D        | Noticed a snapping turtle
   699 | D        | Noticed an air elemental
   699 | D        | Noticed a deep elf mage
   699 | D        | Noticed a deep elf mage
   699 | D        | Found a transporter.
   701 | D        | Noticed a mana viper
   701 | D        | a snapping turtle changed into a mana viper
   702 | D        | Noticed a dream sheep
   702 | D        | a mana viper changed into a dream sheep
   710 | D        | Killed an air elemental
   710 | D        | Reached ***** piety under Beogh
   710 | D        | Reached skill level 1 in Throwing
   711 | D        | Killed a dream sheep
   711 | D        | Reached skill level 11 in Maces & Flails
   713 | D        | Killed a deep elf mage
   713 | D        | Reached XP level 9. HP: 33/83 MP: 8/15
   715 | D        | Killed a deep elf mage
   722 | D        | Killed a deep elf mage
   722 | D        | Reached skill level 12 in Maces & Flails
   725 | D        | Got the ring of Disaster {rCorr rF++ rC- Str+8 Int-4}
  1057 | D        | Entered arena 7.
  1057 | D        | Noticed a deep elf archer
  1057 | D        | Noticed a deep elf archer
  1057 | D        | Noticed a deep elf knight
  1057 | D        | Noticed a dire flail of crushing
  1057 | D        | Noticed a deep elf knight
  1057 | D        | Noticed a deep elf mage
  1066 | D        | Killed a dire flail of crushing
  1066 | D        | Reached skill level 10 in Fighting
  1066 | D        | Reached skill level 10 in Dodging
  1066 | D        | Reached skill level 10 in Invocations
  1066 | D        | Reached XP level 10. HP: 57/93 MP: 13/17
  1067 | D        | Killed a deep elf mage
  1068 | D        | Killed a deep elf knight
  1068 | D        | Reached skill level 13 in Maces & Flails
  1073 | D        | Found a transporter.
  1074 | D        | Killed a deep elf archer
  1075 | D        | Killed a deep elf archer
  1075 | D        | Reached skill level 5 in Throwing
  1093 | D        | Killed a deep elf knight
  1109 | D        | Got the ring of Uney {rF+ Dex+3}
  1271 | D        | Entered arena 8.
  1273 | D        | Found a transporter.
  1290 | D        | Reached ****** piety under Beogh
  1290 | D        | Gained Bogwik as an ally
  1298 | D        | Reached XP level 11. HP: 87/102 MP: 19/19
  1320 | D        | Got the +10 swamp dragon scales of Mysticism {rPois rF+ Str+4 Slay-2}
  1381 | D        | Entered arena 9.
  1381 | D        | Noticed a spriggan rider
  1381 | D        | Noticed a spriggan druid
  1382 | D        | Found a transporter.
  1383 | D        | Killed a spriggan druid
  1383 | D        | Reached skill level 14 in Maces & Flails
  1383 | D        | Reached skill level 10 in Armour
  1383 | D        | Reached skill level 10 in Shields
  1417 | D        | Got the +8 war axe of Pises {protect, Str+4}
  1427 | D        | Entered arena 10.
  1427 | D        | Noticed a red draconian
  1427 | D        | Noticed a purple draconian
  1427 | D        | Noticed a draconian
  1427 | D        | Noticed a draconian
  1427 | D        | Noticed a black draconian
  1427 | D        | Noticed a draconian
  1427 | D        | Noticed a draconian
  1427 | D        | Noticed a black draconian
  1428 | D        | Found a transporter.
  1442 | D        | Killed a draconian
  1442 | D        | Your ally Bogwik died
  1443 | D        | Killed a red draconian
  1443 | D        | Killed a purple draconian
  1448 | D        | Killed a draconian
  1450 | D        | Killed a draconian
  1450 | D        | Reached skill level 15 in Maces & Flails
  1456 | D        | Killed a draconian
  1465 | D        | Killed a black draconian
  1468 | D        | Killed a black draconian
  1486 | D        | Got the ring "Eruolemi" {Ice Int+2}
  1835 | D        | Entered arena 11.
  1836 | D        | Found a transporter.
  1838 | D        | Reached XP level 12. HP: 106/113 MP: 21/21
  1840 | D        | Gained Gorbash as an ally
  1918 | D        | Entered arena 12.
  1919 | D        | Found the +4 dagger "Morg" {pain, MR+ Int+5}
  1919 | D        | Noticed a reaper
  1920 | D        | Found a transporter.
  1928 | D        | Gained Gorg as an ally
  1937 | D        | Killed a reaper
  1937 | D        | Reached skill level 16 in Maces & Flails
  1949 | D        | Got the cursed ring "Ydgheditu" {rPois AC-3 Str+7}
  2309 | D        | Entered arena 13.
  2309 | D        | Noticed a death ooze
  2310 | D        | Noticed an azure jelly
  2310 | D        | Noticed a death ooze
  2311 | D        | Found a transporter.
  2330 | D        | Killed a death ooze
  2332 | D        | Killed an azure jelly
  2333 | D        | Killed a death ooze
  2339 | D        | Got the +5 battleaxe of the Morning {vamp, +Inv rN+}
  2359 | D        | Got the cursed +3 hand axe of Jagoimna {chop, -Tele rPois rN+ Stlth+}
  2560 | D        | Entered arena 14.
  2563 | D        | Noticed a vampire knight
  2581 | D        | Killed a vampire knight
  2581 | D        | Reached skill level 17 in Maces & Flails
  2597 | D        | Found a transporter.
  2684 | D        | Entered arena 15.
  2685 | D        | Noticed a great orb of eyes
  2686 | D        | Found the ring of Robustness {AC+8}
  2686 | D        | Noticed a great orb of eyes
  2686 | D        | Gained mutation: Potions are less effective at restoring your health. [a shining eye]
  2687 | D        | Found a transporter.
  2702 | D        | Reached XP level 13. HP: 123/123 MP: 22/22
  2703 | D        | Killed a great orb of eyes
  2704 | D        | Killed a great orb of eyes
  2737 | D        | Entered arena 16.
  2738 | D        | Noticed an ice dragon
  2738 | D        | Gained mutation: You are partially covered in rugged brown scales. (AC +1, +3% HP) [a neqoxec]
  2745 | D        | Found a transporter.
  2746 | D        | an ice dragon changed into a satyr
  2748 | D        | Your ally Gorbash died
  2763 | D        | Reached skill level 18 in Maces & Flails
  2800 | D        | Got the +3 scimitar of Cowardice {venom, Dex+4}
  2839 | D        | Entered arena 17.
  2842 | D        | Noticed a deep elf high priest
  2843 | D        | Noticed a deep elf sorcerer
  2844 | D        | Found a transporter.
  2849 | D        | Killed a deep elf high priest
  2849 | D        | Reached skill level 10 in Throwing
  2853 | D        | Killed a deep elf sorcerer
  2855 | D        | Your ally Gorbash died
  2860 | D        | Reached skill level 15 in Fighting
  2865 | D        | Reached skill level 15 in Dodging
  2938 | D        | Got the ring "Oklapef" {+Fly MR+ Dex-5 Stlth+}
  2948 | D        | Got the amulet "Loehoeto" {Faith rElec rPois rN+}
  2967 | D        | Entered arena 18.
  2970 | D        | Noticed a deep elf annihilator
  2970 | D        | Noticed a deep elf death mage
  2970 | D        | Noticed a deep elf annihilator
  2970 | D        | Noticed a deep elf elementalist
  2971 | D        | Noticed a deep elf master archer
  2971 | D        | Noticed a deep elf annihilator
  2971 | D        | Noticed a deep elf master archer
  2971 | D        | Noticed a deep elf blademaster
  2972 | D        | Found a transporter.
  2978 | D        | Killed a deep elf annihilator
  2978 | D        | Reached skill level 19 in Maces & Flails
  2980 | D        | Killed a deep elf elementalist
  2982 | D        | Your ally Gorbash died
  2988 | D        | Your ally Gorg died
  2995 | D        | Killed a deep elf annihilator
  2995 | D        | HP: 5/130 [deep elf master archer/arrow (4)]
  2995 | D        | Killed from afar by a soul eater

Vault maps used:
D:        sprint_v

Skill      XL: |  1  2  3  4  5  6  7  8  9 10 11 12 13 |
---------------+----------------------------------------+-----
Fighting       | 4 5 7 8 9 10 11 12 13 15 | 15.4
Maces & Flails | 5 6 8 9 10 11 12 13 15 17 19 | 19.2
Armour         | 2 3 5 6 7 8 9 11 12 14 | 14.0
Dodging        | 4 6 7 8 9 10 11 12 13 15 | 15.4
Shields        | 2 3 5 6 7 8 9 11 12 14 | 14.0
Invocations    | 3 4 6 7 8 9 10 11 12 | 12.9
Throwing       | 2 4 5 7 9 10 | 10.8
Stealth        | |  1.5

Action                   |  1- 3 |  4- 6 |  7- 9 | 10-12 | 13-15 || total
-------------------------+-------+-------+-------+-------+-------++-------
Melee: Shillelagh        |     9 |    13 |    26 |   115 |    67 ||   230
Invok: Smiting           |       |     1 |     3 |    23 |     3 ||    30
       Give Item to Name |       |       |       |     3 |       ||     3
       Resurrection      |       |       |       |     1 |     3 ||     4
  Use: Potion            |     1 |     2 |       |     3 |       ||     6
  Eat: Chunk             |       |       |       |     4 |       ||     4
       Fruit             |       |       |       |    11 |       ||    11
Armor: Plate armour      |     6 |    13 |    10 |    96 |    28 ||   153
Dodge: Dodged            |       |     2 |     2 |    50 |    14 ||    68
Block: Shield            |    12 |    31 |    47 |   286 |   139 ||   515
       Reflection        |       |       |       |       |     6 ||     6

Table legend:
 A = Spawn XP
 B = Non-spawn XP
 C = Spawn XP percentage of total XP
 D = Spawn monster count
 E = Non-spawn monster count
 F = Spawn count percentage of total count
 G = Total turns spent on level
                    A         B        C        D         E        F      G
               +---------+---------+-------+---------+---------+-------+---------
         Total |       0 |   53803 |   0.0 |       0 |     135 |   0.0 |  2995
               +---------+---------+-------+---------+---------+-------+---------
             D |       0 |   53803 |   0.0 |       0 |     135 |   0.0 |  2995
               +---------+---------+-------+---------+---------+-------+---------
